 Dungeon Crawl Stone Soup version 0.24-a0-250-g6074511 (webtiles) character file.

Game seed: 10210699003045926849

118 Borgoz the Skirmisher (level 5, -1/33 HPs)
             Began as a Kobold Fighter on Apr 14, 2019.
             Slain by a wyvern skeleton (11 damage)
             ... on level 6 of the Dungeon.
             The game lasted 00:03:33 (2500 turns).

Borgoz the Skirmisher (Kobold Fighter)              Turns: 2500, Time: 00:03:34

Health: -1/33      AC:  6    Str: 20    XL:     5   Next: 23%
Magic:  5/5        EV: 14    Int:  9    God:
Gold:   54         SH:  0    Dex: 14    Spells: 4/4 levels left

rFire    . . .     SeeInvis +   a - +0 rapier
rCold    . . .     Gourm    .   (shield restricted)
rNeg     . . .     Faith    .   h - +0 ring mail
rPois    .         Spirit   .   (no helmet)
rElec    .         Reflect  .   (no cloak)
rCorr    .         Harm     .   j - +0 pair of gloves
MR       .....                  (no boots)
Stlth    ++........             (no amulet)
HPRegen  0.11/turn              m - ring of see invisible
MPRegen  0.09/turn              r - ring of stealth

@: mighty
A: small, carnivore
a: no special abilities


You were on level 6 of the Dungeon.
You were very full.

You visited 1 branch of the dungeon, and saw 4 of its levels.

You collected 54 gold pieces.

Inventory:

Hand Weapons
 a - a +0 rapier (weapon)
Armour
 h - a +0 ring mail (worn)
 j - a +0 pair of gloves (worn)
Jewellery
 m - a ring of see invisible (left hand)
 r - a ring of stealth (right hand)
 t - an uncursed ring of protection from cold {unknown}
Scrolls
 b - 2 scrolls of identify {unknown}
 c - 2 scrolls of immolation {unknown}
 g - 2 scrolls of remove curse {unknown}
 k - a scroll of fog {unknown}
 l - a scroll of teleportation {unknown}
 o - a scroll of blinking {unknown}
 q - a scroll of enchant armour {unknown}
 s - a scroll of noise {unknown}
Potions
 e - a potion of heal wounds {unknown}
 i - a potion of brilliance {unknown}
 n - 2 potions of curing {unknown}
 p - a potion of magic {unknown}
Comestibles
 f - 4 rations


   Skills:
 + Level 4.1 Fighting
 + Level 4.0 Short Blades
 + Level 3.0 Armour
 + Level 2.4 Dodging
   Level 2.4 Shields


You had 4 spell levels left.
You didn't know any spells.
Your spell library was empty.

Dungeon Overview and Level Annotations

Branches:
Dungeon (3/15)

Altars:
The Shining One


Innate Abilities, Weirdness & Mutations

You are small and have problems with some larger weapons.
You are carnivorous and can eat meat at any time.


Message History

The wyvern skeleton closely misses you.
You hit the wyvern skeleton.
The wyvern skeleton is lightly damaged.
The wyvern skeleton misses you. The wyvern skeleton closely misses you.
You puncture the wyvern skeleton!
The wyvern skeleton is moderately damaged.
The wyvern skeleton bites you!
You hit the wyvern skeleton.
The wyvern skeleton is moderately damaged.
The wyvern skeleton bites you but does no damage.
You barely miss the wyvern skeleton.
The wyvern skeleton is moderately damaged.
The wyvern skeleton bites you. The wyvern skeleton bites you!
You are too injured to fight recklessly!
You are too injured to fight recklessly!
You are too injured to fight recklessly!
You are too injured to fight recklessly!
You feel very mighty all of a sudden. The wyvern skeleton bites you!
You die...

... #.# #.#
#.# #.# #
#.# #.#.## #
#....##.####
#.)..@Z<..[#
#....#..##.#
#.#.#.###
#.##.## #. .
# . ..


You could see a wyvern skeleton.

Vanquished Creatures
  4 adders (D:2)
  A worm (D:2)
  6 dart slugs
  2 leopard geckos (D:1)
  An orc (D:6)
  11 bats
  2 giant cockroaches (D:1)
  5 goblins
  5 hobgoblins
  A jackal (D:1)
  9 kobolds
  2 quokkas
  A ball python (D:1)
  5 frilled lizards
  7 rats
62 creatures vanquished.

Vanquished Creatures (others)
  A dart slug (D:1)
1 creature vanquished.

Grand Total: 63 creatures vanquished

Notes
Turn   | Place    | Note
-------+----------+-------------------------------------------
     0 | D:1      | Borgoz the Kobold Fighter began the quest for the Orb.
     0 | D:1      | Reached XP level 1. HP: 14/14 MP: 1/1
    78 | D:1      | Reached XP level 2. HP: 9/19 MP: 2/2
   473 | D:1      | Reached skill level 1 in Dodging
   855 | D:1      | Reached XP level 3. HP: 23/23 MP: 3/3
  1515 | D:2      | Reached XP level 4. HP: 28/29 MP: 4/4
  1584 | D:2      | Found a glowing golden altar of the Shining One.
  1981 | D:2      | Reached XP level 5. HP: 33/33 MP: 5/5
  2492 | D:3      | You fall through a shaft for 3 floors!
  2500 | D:6      | Slain by a wyvern skeleton

Levels and vault maps discovered:
D:1:      dpeg_arrival_brainrot, layout_basic, lemuel_flame_loot_1
D:2:      layout_basic, tso_metal_star, minmay_door_square
D:3:      layout_loops_ring
D:6:      layout_loops_ring, uniq_pikel

Skill      XL: |  1  2  3  4  5 |
---------------+----------------+-----
Short Blades   | 3 4 |  4.0
Dodging        | 1 2 |  2.4
Fighting       | 4 |  4.1
Armour         | 3 |  3.0
Shields        | |  2.4

Action                   |  1- 3 |  4- 6 || total
-------------------------+-------+-------++-------
Melee: Rapier            |   130 |   101 ||   231
  Use: Potion            |       |     1 ||     1
 Stab: Sleeping          |       |     1 ||     1
  Eat: Chunk             |    10 |     3 ||    13
Armor: Scale mail        |    26 |       ||    26
       Ring mail         |    45 |    31 ||    76
Dodge: Dodged            |    98 |    75 ||   173

Table legend:
 A = Non-vault XP
 B = Vault XP
 C = Vault XP percentage of total XP
 D = Non-vault monster count
 E = Vault monster count
 F = Vault count percentage of total count
                 A         B        C        D         E       F
            +---------+---------+-------+---------+---------+-------
      Total |     167 |       2 |   1.2 |      61 |       1 |   1.6
            +---------+---------+-------+---------+---------+-------
        D:1 |      59 |       2 |   3.3 |      31 |       1 |   3.1
        D:2 |      90 |       0 |   0.0 |      20 |       0 |   0.0
        D:3 |      15 |       0 |   0.0 |       9 |       0 |   0.0
        D:6 |       3 |       0 |   0.0 |       1 |       0 |   0.0
            +---------+---------+-------+---------+---------+-------
